 Dungeon Crawl Stone Soup version 0.30.1-9-gdf580d7c3d (webtiles) character file.

Game seed: 16137540728594873300

395156 eliilek the Conqueror (level 22, -5/233 HPs)
             Began as a Minotaur Berserker on Oct 17, 2023.
             Was a High Priest of Trog.
             Slain by a frost giant
             ... wielding the +11 halberd of Onaoc {freeze, *Rage rElec rCorr Int+5}
              (7 damage)
             ... on level 5 of the Vaults on Oct 21, 2023.
             The game lasted 03:03:48 (55564 turns).

eliilek the Conqueror (Minotaur Berserker)         Turns: 55564, Time: 03:03:49

Health: -5/233     AC: 36    Str: 28    XL:     22   Next: 17%
Magic:  21/21      EV: 21    Int:  4    God:    Trog [*****.]
Gold:   4343       SH: 25    Dex: 15    Spells: 21/21 levels left

rFire   + . .        a - +7 morningstar of Koifraxt {freeze, Will+ SInv}
rCold   + . .        n - +0 tower shield
rNeg    + . .        e - +7 plate armour {rF+}
rPois   .            M - +2 hat {Will+}
rElec   .            J - scarf {+Inv}
rCorr   .            k - +2 pair of gloves of Vehumet's Reproof {rC+ rN+ Slay+3}
SInv    +            o - +1 pair of boots
Will    ++++.        C - amulet of reflection Stlth
                     D - +5 ring of evasion
HPRegen 0.58/turn    O - ring of willpower
MPRegen 0.17/turn

%: reflection
@: lethally poisoned (-5 -> -11), hasted, studying Polearms, very quick
A: horns 2, retaliatory headbutt
}: 2/15 runes: decaying, gossamer
a: Renounce Religion, Evoke Invisibility, Berserk, Trog's Hand, Brothers in Arms


You were on level 5 of the Vaults.
You worshipped Trog.
Trog was extremely pleased with you.
You visited 7 branches of the dungeon, and saw 36 of its levels.
You also visited: Ossuary, Ice Cave, Volcano and Wizlab.

You collected 4918 gold pieces.
You spent 575 gold pieces at shops.

Inventory:

Hand Weapons
 a - the +7 morningstar of Koifraxt (weapon) {freeze, Will+ SInv}
   (You took it off a deep elf death mage on level 3 of the Elven Halls)

   SInv:      It lets you see invisible.
   Will:      It increases your willpower.
Missiles
 i - 5 datura-tipped darts (quivered)
 t - 75 poisoned darts
 E - 11 curare-tipped darts
 Z - 6 atropa-tipped darts
Armour
 e - a +7 plate armour of fire resistance (worn)
 k - the +2 pair of gloves of Vehumet's Reproof (worn) {rC+ rN+ Slay+3}
   (You found it on level 2 of the Spider Nest)

   Slay:      It affects your accuracy & damage with ranged weapons and melee
   (+3).
   rC:        It protects you from cold.
   rN:        It protects you from negative energy.
 n - a +0 tower shield (worn)
 o - a +1 pair of boots (worn)
 J - a scarf of invisibility (worn)
 M - a +2 hat of willpower (worn)
 P - a +1 hat of see invisible
Jewellery
 C - an amulet of reflection (around neck)
 D - a +5 ring of evasion (left hand)
 O - a ring of willpower (right hand)
 Q - a ring of protection from fire
 U - a ring of resist corrosion
 V - a ring of positive energy
 W - a ring of flight
 X - a +5 ring of evasion
Wands
 d - a wand of mindburst (49)
 g - a wand of digging (34)
 s - a wand of charming (48)
 F - a wand of acid (14)
 N - a wand of flame (46)
 S - a wand of polymorph (2)
 T - a wand of iceblast (44)
Scrolls
 b - 13 scrolls of poison
 m - 2 scrolls of enchant armour
 q - 3 scrolls of silence
 u - 5 scrolls of blinking
 w - 31 scrolls of identify
 y - 14 scrolls of teleportation
 A - 7 scrolls of enchant weapon
 B - 4 scrolls of magic mapping
 H - a scroll of summoning
 K - 7 scrolls of fear
 L - 5 scrolls of fog
Potions
 c - 12 potions of ambrosia
 f - 14 potions of curing
 h - 6 potions of resistance
 j - 3 potions of berserk rage
 l - 12 potions of invisibility
 p - 4 potions of mutation
 v - 2 potions of cancellation
 x - 3 potions of might
 z - 4 potions of heal wounds
 G - 7 potions of haste
 I - 11 potions of flight
 R - 2 potions of experience


   Skills:
 O Level 27 Fighting
 - Level 20.0 Maces & Flails
 + Level 23.2 Armour
 + Level 18.9 Dodging
 * Level 17.9 Shields


You had 21 spell levels left.
You didn't know any spells.
Your spell library was empty.

Dungeon Overview and Level Annotations

Branches:
Dungeon (13/15)            Temple (0/1) D:4            Lair (5/5) D:9
  Swamp (4/4) Lair:3       Spider (4/4) Lair:3        Slime (0/5) Lair:5
    Orc (2/2) D:12            Elf (3/3) Orc:2        Vaults (5/5) D:13
  Crypt (0/3) Vaults:3    Ossuary (visited)           IceCv (visited)
Volcano (visited)          WizLab (visited)

Altars:
Ashenzari
Cheibriados
Dithmenos
Fedhas
Gozag
Hepliaklqana
Makhleb
Qazlal
Ru
Trog
Uskayaw
Wu Jian
Zin
Jiyva

Shops:
D:7 [   D:11 !   Orc:1 :=   Orc:2 ?*(   Elf:2 *!   Vaults:1 (   Vaults:3 [

Annotations:
D:6 3 runed translucent doors, kaesle's ghost, novice HOFi
Lair:4 3 runed translucent doors, hawkwood's ghost, journeyman DgAr
Vaults:1 1 runed translucent door, quaternion's ghost, veteran MiFi


Innate Abilities, Weirdness & Mutations

You have a pair of horns on your head.
You reflexively headbutt those who attack you in melee.


Message History

* * * LOW HITPOINT WARNING * * *
You are more poisoned.
The ironbound preserver howls in fear.
The yaktaur captain misses you. You furiously retaliate!
You headbutt the yaktaur captain! The stone giant closely misses you.
The frost giant hits you from afar with the +11 halberd of Onaoc {freeze, *Rage rElec rCorr Int+5}!
* * * LOW HITPOINT WARNING * * *
The frost giant freezes you.
* * * LOW HITPOINT WARNING * * *
Your green very ugly thing tail-slaps the shadow dragon but does no damage.
Unknown command.
You feel yourself speed up.
The runic seals fade away.
You feel very sick.
The tengu reaver seems to regain its courage.
The yaktaur captain seems to regain its courage.
The yaktaur captain hits you but does no damage.
Your cyan ugly thing completely misses the tengu reaver.
You block the frost giant's attack.
The deep elf sorcerer's eyes start to glow.
You block the deep elf sorcerer's attack.
The ogre mage misses you. The iron dragon misses you. x2
The iron dragon tramples you but does no damage.
The iron dragon bites you but does no damage.
The iron dragon claws you but does no damage.
The iron dragon closely misses you.
Cornered, the tengu reaver turns to fight!
The yaktaur captain hits you with a +1 lajatang of speed!
* * * LOW HITPOINT WARNING * * *
The titan hits your green very ugly thing.
The fire giant hits you but does no damage.
The stone giant hits you.
* * * LOW HITPOINT WARNING * * *
You block the vault warden's attack.
A stone giant comes into view.
Your green very ugly thing closely misses the shadow dragon.
You feel much better.
You feel sick. You block the black mamba's attack.
The frost giant hits you from afar with the +11 halberd of Onaoc {freeze, *Rage rElec rCorr Int+5}!!!
* * * LOW HITPOINT WARNING * * *
The frost giant freezes you!
You die...

.....#....#..#..
.....#....#....
.C....u......
####.....Q.u#####
.......)C........
....cCCu<).......
......O[Dp.......
......CCcD.......
####..CC@D..#####
#...OSec......
#..#....#.....
..###....#....#
#Q. #....###..# .
#....# D.. #....#
.. #../.#


You could see a shadow dragon (ally target), 2 iron dragons, a titan, 3 frost
giants, a fire giant (weak-willed, ally target), 3 stone giants, a vault warden,
2 tengu reavers, 3 yaktaur captains, a deep elf sorcerer, 2 ogre magi, a black
mamba shaped shifter, 2 friendly very ugly things and a friendly cyan ugly thing
(summoned).

Vanquished Creatures
  A dread lich (Vaults:4)
  Nikola (Spider:2)
  Mlioglotl (Swamp:2)
  A tentacled monstrosity (Swamp:4)
  A lich (Vaults:3)
  3 deep elf blademasters (Elf:2)
  6 deep elf master archers
  4 titans
  2 sphinxes
  Gastronok (D:10)
  Frances (Swamp:2)
  2 shadow dragons (Vaults:4)
  4 tengu reavers
  2 thorn hunters
  Kirke (Swamp:4)
  Agnes (Spider:3)
  A storm dragon (Vaults:4)
  11 fenstrider witches
  9 deep elf sorcerers
  14 vault wardens
  6 emperor scorpions (Spider:4)
  3 fire giants
  3 frost giants
  Louise (Spider:4)
  3 ghost moths
  11 ironbound preservers
  3 orc warlords
  5 deep elf elementalists
  6 ghouls (Swamp:4)
  8 ironbound thunderhulks
  6 stone giants
  2 broodmothers
  6 very ugly things
  A reaper (Swamp:4)
  A vampire knight (Vaults:3)
  8 eleionomae
  2 deep elf demonologists (Elf:3)
  5 bunyips
  Azrael (D:12)
  7 deep elf annihilators (Elf:3)
  The ghost of bearlyready the Grappler, a journeyman NaTm of Cheibriados (Lair:1)
  A spark wasp (Spider:2)
  13 dire elephants
  14 deep elf death magi
  A crystal guardian (Vaults:4)
  6 entropy weavers
  A blizzard demon (Swamp:4)
  3 deep elf high priests
  10 great orbs of eyes
  6 shambling mangroves
  The ghost of middlethird the Thaumaturge, a journeyman VSTm of Cheibriados (Spider:1)
  16 yaktaur captains
  2 ice dragons
  34 vault guards
  10 hydras
  A jorogumo (Spider:3)
  8 ironbound frosthearts
  2 ghost crabs
  A peacekeeper (Vaults:4)
  3 ogre magi (Swamp:4)
  2 spriggan air magi (Swamp:4)
  3 catoblepae
  30 dancing weapons
  8 alligators
  7 satyrs (WizLab)
  3 boulder beetles
  10 centaur warriors
  7 two-headed ogres
  A deep troll earth mage (Vaults:4)
  A spriggan berserker (Swamp:4)
  A naga sharpshooter (WizLab)
  An orc high priest (Orc:2)
  3 soul eaters (Swamp:4)
  8 spriggans
  A skeletal warrior (D:13)
  2 sun moths (Spider:2)
  21 deep elf knights
  A spectral ghost moth (Spider:1)
  3 goliath frogs
  5 pharaoh ants
  A spectral spark wasp (Spider:1)
  7 spriggan druids
  23 deep trolls
  A sixfirhy (Swamp:4)
  A sea snake (Spider:3)
  Lodul (D:12)
  5 bog bodies
  2 swamp dragons
  8 steelbarb worms
  A lindwurm (shapeshifter) (Vaults:2)
  13 deep elf archers
  5 wizards
  2 phantasmal warriors
  4 orb spiders
  8 lindwurms
  29 deep elf zephyrmancers
  31 deep elf pyromancers
  3 harpies (Vaults:1)
  5 orc knights
  12 ugly things
  15 wolf spiders
  7 ironbound convokers
  2 necromancers (Vaults:3)
  A harpy (shapeshifter) (Elf:3)
  6 orc sorcerers
  3 cyclopes
  2 oklob plants (WizLab)
  2 manticores
  A cyclops (shapeshifter) (Vaults:4)
  A manticore (shapeshifter) (Vaults:3)
  6 fauns (WizLab)
  4 moths of wrath
  4 will-o-the-wisps
  5 demonic crawlers
  2 ice statues (IceCv)
  16 vault sentinels
  Joseph (D:7)
  6 elephants (Lair:5)
  A black mamba (Lair:5)
  8 torpor snails
  2 gargoyles
  11 cane toads
  An orange demon (Swamp:4)
  An elf zombie (Vaults:3)
  An emperor scorpion simulacrum (Spider:1)
  5 kobold demonologists
  2 molten gargoyles
  An efreet (Volcano)
  3 komodo dragons
  An unseen horror (D:10)
  9 rime drakes
  An elf (Vaults:4)
  A yaktaur skeleton (Vaults:3)
  41 yaktaurs
  2 freezing wraiths
  Psyche (D:12)
  9 trolls
  7 meliai
  A polar bear (D:8)
  A queen bee (D:12)
  A meliai (shapeshifter) (Elf:1)
  2 hellwings (Swamp:4)
  A blink frog (shapeshifter) (D:13)
  A tarantella (shapeshifter) (Vaults:4)
  23 hornets
  10 tyrant leeches
  A broodmother simulacrum (Spider:1)
  34 tarantellas
  A dream sheep (Lair:5)
  A jorogumo simulacrum (Spider:1)
  18 slime creatures
  5 blink frogs (Lair:3)
  28 jumping spiders
  A fire giant simulacrum (Vaults:3)
  19 culicivoras
  2 shadows
  A spriggan (shapeshifter) (D:13)
  2 water elementals
  2 wraiths
  33 yaks
  7 wyverns
  A hog (shapeshifter) (Spider:3)
  6 basilisks
  An unseen horror simulacrum (D:8)
  7 fire elementals
  4 hogs (Swamp:4)
  8 fire bats
  7 vampire mosquitoes
  A steam dragon (D:7)
  47 redbacks
  3 chaos spawn (Swamp:4)
  6 wargs
  An acid dragon (D:9)
  18 swamp worms
  The ghost of Psyclone the Conjurer, an amateur OpCj (D:5)
  2 human zombies (Vaults:3)
  13 water moccasins
  3 hell hounds (D:12)
  4 ice beasts
  A sky beast (D:7)
  A swamp drake (Swamp:4)
  29 orc warriors
  3 black bears
  The ghost of Bahuunn the Chopper, an amateur HOFi (D:3)
  7 ogres
  3 boggarts (Vaults:1)
  11 wolves
  6 centaurs
  7 kobold brigands
  12 bullfrogs
  2 scorpions
  5 earth elementals
  A necrophage (Swamp:4)
  2 gnoll sergeants (D:11)
  2 wyvern zombies (Ossuary)
  12 wights
  22 killer bees
  3 lindwurm simulacra (IceCv)
  9 electric eels
  9 howler monkeys
  7 lava snakes
  3 centaur zombies (Ossuary)
  5 komodo dragon simulacra (IceCv)
  4 bullfrog zombies (Ossuary)
  5 hounds
  2 jellies
  A gnoll bouda (D:7)
  27 orc priests
  20 mummies (Ossuary)
  A sleepcap (D:6)
  Crazy Yiuf (D:7)
  Ijyb (D:4)
  8 iguanas
  27 orc wizards
  5 hell rats (Lair:3)
  2 killer bee zombies (Ossuary)
  2 howler monkey zombies (Ossuary)
  7 acid dragon simulacra (IceCv)
  11 gnolls
  8 adders
  5 white imps
  A howler monkey simulacrum (D:8)
  An ufetubus (D:8)
  6 steam dragon simulacra (IceCv)
  2 worms
  2 dart slugs
  109 orcs
  4 ball pythons
  5 endoplasms
  2 giant cockroaches
  7 goblins
  5 hobgoblins
  2 jackals (D:4)
  30 kobolds
  3 quokkas
  6 bats
  5 frilled lizards
  A rat (D:1)
  A spectral hobgoblin (D:6)
1581 creatures vanquished.

Vanquished Creatures (collateral kills)
  Jorgrun (D:12)
  A fire giant (Vaults:5)
  A vault warden (Vaults:2)
  A war gargoyle (Vaults:5)
  A stone giant (Vaults:5)
  An ironbound thunderhulk (Vaults:2)
  A dire elephant (Lair:5)
  An ettin (Vaults:5)
  A deep elf death mage (Vaults:3)
  A hydra (Swamp:1)
  The ghost of Vew Pil the Grappler, a journeyman DrTm of Okawaru (Lair:1)
  5 vault guards
  The ghost of Kazon the Cruncher, a journeyman DrCj of Okawaru (Lair:1)
  The ghost of Wuphurghy the Zephyrmancer, a journeyman GnWn of Yredelemnul (Lair:1)
  A centaur warrior (D:13)
  An ironbound frostheart (Vaults:2)
  A radroach (Spider:3)
  2 orc high priests
  A spectral ghost moth (Spider:1)
  2 spectral spark wasps (Spider:1)
  3 deep trolls (Vaults:4)
  A spriggan druid (Swamp:1)
  2 orb spiders
  A shadow dragon zombie (Vaults:3)
  A wizard (Vaults:2)
  2 deep elf archers
  2 ironbound convokers (Vaults:2)
  5 deep elf pyromancers (Elf:1)
  An orc sorcerer (Orc:2)
  2 manticores
  A moth of wrath (Spider:3)
  A torpor snail (Spider:1)
  A yaktaur (Vaults:5)
  A komodo dragon (D:12)
  A troll (D:13)
  2 jumping spiders
  A water elemental (D:12)
  A hog (Swamp:4)
  A fire elemental (Elf:1)
  2 yaks (D:12)
  3 redbacks
  An elf zombie (Vaults:3)
  A glowing shapeshifter zombie (Vaults:3)
  7 orc warriors
  An ogre (Orc:1)
  A human skeleton (Vaults:3)
  3 killer bees (D:12)
  An electric eel (Spider:4)
  An orc priest (Orc:1)
  An orc wizard (Orc:1)
  8 orcs
86 creatures vanquished.

Vanquished Creatures (others)
  A deep elf zephyrmancer (Elf:3)
  A rime drake (IceCv)
  A bloated husk (Swamp:1)
  2 tarantellas
  An electric eel (D:11)
  An orc priest (Elf:1)
  A gnoll (D:11)
  16 foxfires
24 creatures vanquished.

Grand Total: 1691 creatures vanquished

Notes
Turn   | Place    | Note
-------+----------+-------------------------------------------
     0 | D:1      | eliilek the Minotaur Berserker began the quest for the Orb.
     0 | D:1      | Reached XP level 1. HP: 19/19 MP: 0/0
   153 | D:1      | Reached XP level 2. HP: 27/27 MP: 1/1
   246 | D:1      | Reached skill level 4 in Fighting
   658 | D:2      | Reached XP level 3. HP: 27/33 MP: 2/2
   770 | D:2      | Reached skill level 5 in Maces & Flails
   779 | D:2      | Found a faded altar of an unknown god.
   892 | D:2      | Found an opulent altar of Gozag.
  1373 | D:3      | Noticed Bahuunn's ghost (amateur HOFi)
  1379 | D:3      | Found a runed translucent gate.
  1380 | D:3      | Found a runed translucent gate.
  1381 | D:3      | Found a runed translucent gate.
  1431 | D:3      | Reached ** piety under Trog
  1471 | D:3      | Found a blossoming altar of Fedhas.
  1651 | D:3      | Reached XP level 4. HP: 37/41 MP: 3/3
  2110 | D:4      | Reached skill level 5 in Fighting
  2110 | D:4      | Reached XP level 5. HP: 47/48 MP: 4/4
  2161 | D:4      | Found a staircase to the Ecumenical Temple.
  2177 | D:4      | Noticed Ijyb
  2222 | D:4      | Killed Ijyb
  2335 | D:4      | Found a glowing silver altar of Zin.
  2336 | D:4      | Found an opulent altar of Gozag.
  2459 | D:4      | Reached XP level 6. HP: 52/56 MP: 5/5
  2798 | D:4      | Found a snail-covered altar of Cheibriados.
  3119 | D:5      | Entered Level 5 of the Dungeon
  3165 | D:5      | Noticed Psyclone's ghost (amateur OpCj)
  3181 | D:5      | Found an ornate altar of the Wu Jian Council.
  3190 | D:5      | Reached skill level 6 in Fighting
  3273 | D:5      | Reached XP level 7. HP: 37/63 MP: 6/6
  3291 | D:5      | Reached *** piety under Trog
  3742 | D:5      | Found a transporter.
  3744 | D:5      | Found a transporter.
  4058 | D:5      | Reached skill level 7 in Fighting
  4067 | D:5      | Killed Psyclone's ghost
  4068 | D:5      | Reached skill level 10 in Maces & Flails
  4068 | D:5      | Reached XP level 8. HP: 68/73 MP: 7/7
  4304 | D:3      | Killed Bahuunn's ghost
  4423 | D:6      | Reached skill level 8 in Fighting
  4513 | D:6      | Noticed kaesle's ghost (novice HOFi)
  4518 | D:6      | Found a runed translucent gate.
  4518 | D:6      | Found a runed translucent gate.
  4518 | D:6      | Found a runed translucent gate.
  4519 | D:6      | Noticed a cyclops
  4631 | D:6      | Found a runed translucent door.
  4888 | D:6      | Found a hazy altar of Hepliaklqana.
  5278 | D:6      | Reached **** piety under Trog
  5548 | D:7      | Found a sand-covered staircase.
  5553 | Ossuary  | Entered an ossuary
  5601 | Ossuary  | Reached XP level 9. HP: 82/82 MP: 8/8
  5622 | Ossuary  | Reached skill level 9 in Fighting
  6080 | D:7      | Found Barcham's Antique Armour Boutique.
  6086 | D:7      | Bought a pair of embroidered boots for 127 gold pieces
  6086 | D:7      | Bought an embroidered scarf for 136 gold pieces
  6222 | D:7      | Noticed Joseph
  6247 | D:7      | Killed Joseph
  6248 | D:7      | Reached skill level 10 in Fighting
  6604 | D:7      | Reached ***** piety under Trog
  6612 | D:7      | Found a runed translucent door.
  6613 | D:7      | Noticed Crazy Yiuf
  6620 | D:7      | Killed Crazy Yiuf
  6651 | D:7      | Found a stormy altar of Qazlal.
  6855 | D:7      | Reached skill level 1 in Shields
  6855 | D:7      | Reached XP level 10. HP: 73/94 MP: 9/9
  7180 | D:8      | Found a hide-covered altar of Uskayaw.
  7183 | D:8      | Noticed a +0 dagger
  7183 | D:8      | Noticed a +0 hand axe
  7398 | D:8      | Found a broken altar of Ashenzari.
  7413 | D:8      | Received a gift from Trog
  7414 | D:8      | Reached skill level 5 in Armour
  7434 | D:8      | Reached skill level 11 in Fighting
  7947 | D:9      | Noticed a two-headed ogre
  7955 | D:8      | Killed a two-headed ogre
  8064 | D:9      | Reached skill level 5 in Dodging
  8064 | D:9      | Reached XP level 11. HP: 59/103 MP: 10/10
  8232 | D:9      | Found a staircase to the Lair.
  8548 | D:9      | Reached skill level 12 in Fighting
  8636 | D:9      | Found a sacrificial altar of Ru.
  8755 | D:9      | Found a burning altar of Makhleb.
  8797 | D:9      | Found a shadowy altar of Dithmenos.
  9080 | D:10     | Entered Level 10 of the Dungeon
  9368 | D:10     | Noticed Gastronok
  9392 | D:10     | Killed Gastronok
  9393 | D:10     | Reached skill level 15 in Maces & Flails
  9577 | D:10     | Reached skill level 10 in Armour
  9772 | D:10     | Noticed a two-headed ogre
  9783 | D:10     | Killed a two-headed ogre
  9813 | D:10     | Found a bloodstained altar of Trog.
  9910 | Lair:1   | Entered Level 1 of the Lair of Beasts
 10049 | Lair:1   | Reached skill level 13 in Fighting
 10064 | Lair:1   | Noticed a lindwurm
 10065 | Lair:1   | Found a dark tunnel.
 10073 | Volcano  | Entered a volcano
 10198 | Volcano  | Reached XP level 12. HP: 92/115 MP: 11/11
 10592 | Volcano  | Found a burning altar of Makhleb.
 10606 | Volcano  | Received a gift from Trog
 10768 | Volcano  | Noticed a stone giant
 10782 | Volcano  | Killed a stone giant
 11173 | Lair:1   | Found a runed translucent gate.
 11173 | Lair:1   | Found a runed translucent gate.
 11173 | Lair:1   | Found a runed translucent gate.
 11175 | Lair:1   | Noticed Wuphurghy's ghost (journeyman GnWn)
 11175 | Lair:1   | Noticed Vew Pil's ghost (journeyman DrTm)
 11176 | Lair:1   | Noticed Kazon's ghost (journeyman DrCj)
 11177 | Lair:1   | Noticed bearlyready's ghost (journeyman NaTm)
 11406 | Lair:1   | Reached skill level 14 in Fighting
 11801 | Lair:1   | Killed Kazon's ghost
 11805 | Lair:1   | Killed Wuphurghy's ghost
 11808 | Lair:1   | Killed bearlyready's ghost
 11809 | Lair:1   | Killed Vew Pil's ghost
 11870 | Lair:1   | Identified the ring "Penux" {Fire rCorr Str+2 Dex-2}
 12470 | Lair:2   | Reached skill level 15 in Fighting
 12614 | Lair:3   | Found a hole to the Spider Nest.
 12801 | Lair:3   | Noticed a seven-headed hydra
 12822 | Lair:3   | Killed a seven-headed hydra
 13067 | Lair:3   | Reached XP level 13. HP: 126/127 MP: 12/12
 13381 | Lair:3   | Found a staircase to the Swamp.
 13935 | Lair:4   | Reached skill level 16 in Fighting
 14146 | Lair:4   | Found a runed translucent gate.
 14146 | Lair:4   | Found a runed translucent gate.
 14146 | Lair:4   | Found a runed translucent gate.
 14148 | Lair:4   | Noticed an acid blob
 14148 | Lair:4   | Noticed an acid blob
 14148 | Lair:4   | Noticed an azure jelly
 14149 | Lair:4   | Noticed hawkwood's ghost (journeyman DgAr)
 14149 | Lair:4   | Noticed an acid blob
 14149 | Lair:4   | Noticed a quicksilver ooze
 14149 | Lair:4   | Noticed an azure jelly
 14419 | Lair:4   | Found a viscous altar of Jiyva.
 15176 | D:11     | Found Tohuqir's Distillery.
 15581 | D:11     | Received a gift from Trog
 15589 | D:11     | Reached ****** piety under Trog
 15622 | D:11     | HP: 3/130 [deep elf zephyrmancer/bolt of lightning (22)]
 15870 | D:11     | Reached skill level 17 in Fighting
 16439 | D:12     | Noticed Azrael
 16440 | D:12     | Found a frozen archway.
 16454 | D:12     | Killed Azrael
 16454 | D:12     | Noticed Psyche
 16465 | D:12     | Killed Psyche
 16469 | IceCv    | Entered an ice cave
 17477 | D:12     | Noticed Lodul
 17494 | D:12     | Killed Lodul
 17588 | D:12     | Reached XP level 14. HP: 84/141 MP: 13/13
 17588 | D:12     | Noticed Jorgrun
 17592 | D:12     | Killed Jorgrun
 18305 | D:12     | Reached skill level 18 in Fighting
 18400 | D:12     | Found a staircase to the Orcish Mines.
 18440 | Orc:1    | Entered Level 1 of the Orcish Mines
 18440 | Orc:1    | Found Qewn's Vocational Training.
 18777 | Orc:1    | Identified the +8 morningstar "Keomo" {heavy, *Rage rF++}
                  | (Trog gifted it to you on level 1 of the Orcish Mines)
 18777 | Orc:1    | Received a gift from Trog
 18831 | Orc:1    | Found Faij's Jewellery Boutique.
 19055 | Orc:2    | Entered Level 2 of the Orcish Mines
 19257 | Orc:2    | Found a staircase to the Elven Halls.
 19880 | Orc:2    | Received a gift from Trog
 19894 | Orc:2    | Noticed an orc warlord
 19907 | Orc:2    | Killed an orc warlord
 20102 | Orc:2    | Found Zaeggiac's Antique Armour Shop.
 20104 | Orc:2    | Found Ufall's Antique Weapon Boutique.
 20173 | Orc:2    | Found Zeit's General Store.
 20199 | Orc:2    | Bought a scroll of identify for 26 gold pieces
 20199 | Orc:2    | Bought a potion of heal wounds for 65 gold pieces
 20357 | Orc:2    | Found Unuuw's Magic Scroll Shop.
 20531 | Orc:2    | Bought a scroll of identify for 28 gold pieces
 20531 | Orc:2    | Bought a scroll of identify for 28 gold pieces
 20860 | Lair:5   | Entered Level 5 of the Lair of Beasts
 21138 | Lair:5   | Received a gift from Trog
 21154 | Lair:5   | Reached skill level 19 in Fighting
 21270 | Lair:5   | Identified the staff of conjuration "Fuuttye" {rElec rCorr
                  | Dex-3}
 21688 | Lair:5   | Identified the staff of conjuration "Ceeday Ducw" {rC+}
 21746 | Lair:5   | Found a viscous altar of Jiyva.
 21746 | Lair:5   | Found a staircase to the Slime Pits.
 22121 | Lair:5   | Found a runed translucent door.
 22182 | Lair:5   | Reached XP level 15. HP: 87/152 MP: 14/14
 23399 | Spider:1 | Entered Level 1 of the Spider Nest
 23710 | Spider:1 | Identified the +3 dire flail "Tiufosounk" {heavy, Dex+2}
                  | (Trog gifted it to you on level 1 of the Spider Nest)
 23710 | Spider:1 | Received a gift from Trog
 24051 | Spider:1 | Reached skill level 20 in Fighting
 24051 | Spider:1 | Reached skill level 15 in Armour
 24218 | Spider:1 | Found a runed translucent gate.
 24218 | Spider:1 | Found a runed translucent gate.
 24219 | Spider:1 | Found a runed translucent gate.
 24219 | Spider:1 | Noticed middlethird's ghost (journeyman VSTm)
 24778 | Spider:1 | HP: 4/155 [disintegration (10)]
 25708 | Spider:1 | Killed middlethird's ghost
 26488 | Spider:2 | Received a gift from Trog
 27188 | Spider:2 | Identified the +2 pair of gloves of Vehumet's Reproof {rC+
                  | rN+ Slay+3}
 27310 | Spider:2 | Reached skill level 21 in Fighting
 27316 | Spider:2 | Noticed Nikola
 27325 | Spider:2 | Killed Nikola
 27729 | Spider:2 | Reached XP level 16. HP: 167/167 MP: 15/15
 28257 | Spider:3 | Identified the +9 scimitar "Gick" {drain, +Blink}
 28272 | Spider:3 | Noticed Agnes
 28281 | Spider:3 | Killed Agnes
 28303 | Spider:3 | HP: 7/167 [torpor snail (13)]
 28759 | Spider:3 | Reached skill level 10 in Dodging
 29976 | Spider:4 | Entered Level 4 of the Spider Nest
 30157 | Spider:4 | Reached skill level 22 in Fighting
 30437 | Spider:4 | HP: 8/170 [electric eel/bolt of electricity (12)]
 30789 | Spider:4 | Got a gossamer rune of Zot
 31075 | Spider:4 | Noticed Louise
 31110 | Spider:4 | Killed Louise
 31750 | Swamp:1  | Entered Level 1 of the Swamp
 32263 | Swamp:1  | Reached XP level 17. HP: 155/178 MP: 16/16
 32263 | Swamp:1  | Received a gift from Trog
 32264 | Swamp:1  | Reached skill level 23 in Fighting
 32671 | Swamp:2  | Noticed Mlioglotl
 32680 | Swamp:2  | Killed Mlioglotl
 32763 | Swamp:2  | Noticed Frances
 32771 | Swamp:2  | Killed Frances
 34547 | Swamp:4  | Entered Level 4 of the Swamp
 34604 | Swamp:4  | Noticed a tentacled monstrosity
 34611 | Swamp:4  | Killed a tentacled monstrosity
 34710 | Swamp:4  | Reached skill level 24 in Fighting
 35026 | Swamp:4  | Received a gift from Trog
 35227 | Swamp:4  | Noticed Kirke
 35249 | Swamp:4  | Killed Kirke
 36228 | Swamp:4  | Reached XP level 18. HP: 185/192 MP: 17/17
 36338 | Swamp:4  | Got a decaying rune of Zot
 37313 | Elf:1    | Entered Level 1 of the Elven Halls
 37595 | Elf:1    | Reached skill level 25 in Fighting
 38393 | Elf:1    | Found the +3 Elemental Staff {rElec rF+ rC+ AC+3}
 38649 | Elf:2    | Received a gift from Trog
 38826 | Elf:2    | Found Locsiar's General Store.
 39017 | Elf:2    | Found Adiw's Distillery.
 39025 | Elf:2    | Bought a potion of heal wounds for 55 gold pieces
 39025 | Elf:2    | Bought a potion of haste for 110 gold pieces
 39341 | Elf:2    | Found a huge runed translucent gate.
 39341 | Elf:2    | Found a huge runed translucent gate.
 39341 | Elf:2    | Found a huge runed translucent gate.
 39341 | Elf:2    | Found a huge runed translucent gate.
 39341 | Elf:2    | Found a huge runed translucent gate.
 39699 | Elf:2    | Identified the +6 great mace of the Ecumenical Temple
                  | {heavy, Fly Dex+4} (Trog gifted it to you on level 2 of the
                  | Elven Halls)
 39699 | Elf:2    | Received a gift from Trog
 39700 | Elf:2    | Reached skill level 26 in Fighting
 40117 | Elf:3    | Entered Level 3 of the Elven Halls
 40132 | Elf:3    | Paralysed by an air elemental for 1 turns
 40658 | Elf:3    | Reached XP level 19. HP: 204/204 MP: 18/18
 41495 | Elf:3    | Received a gift from Trog
 41496 | Elf:3    | Reached skill level 15 in Dodging
 41978 | Elf:3    | Identified the +8 dagger of Abuse {freeze, rElec rC+ Int+4}
 42021 | Elf:3    | Identified the +7 morningstar of Koifraxt {freeze, Will+
                  | SInv}
 42021 | Elf:3    | Identified the ring of Orybihu {Ice rN+ MP+9 Str+3}
 42168 | Elf:3    | Identified the +6 scimitar "Pumexipp" {flame, +Blink rN+
                  | Int+2}
 42226 | Elf:3    | Reached skill level 27 in Fighting
 42299 | Elf:3    | Identified the +0 plate armour of Suem {-Tele Fly rN+
                  | Int+2}
 42300 | Elf:3    | Identified the staff of fire "Figixt" {rF+ SInv}
 42306 | Elf:3    | Identified the +6 scale mail "Gyeshuy" {Int+5}
 42342 | Elf:3    | Identified the amulet of Qeegh {Faith rC+ Int+2 Dex-3 SInv}
 43912 | D:13     | Found a gate to the Vaults.
 43939 | D:13     | Reached skill level 5 in Shields
 44361 | Vaults:1 | Entered Level 1 of the Vaults
 44588 | Vaults:1 | Received a gift from Trog
 44779 | Vaults:1 | Found a runed translucent door.
 44779 | Vaults:1 | Noticed quaternion's ghost (veteran MiFi)
 45696 | Vaults:1 | Found Naoten's Antique Weapon Shop.
 45770 | Vaults:1 | Received a gift from Trog
 45949 | Vaults:1 | Reached XP level 20. HP: 170/216 MP: 19/19
 47149 | Vaults:2 | Reached skill level 10 in Shields
 48086 | Vaults:2 | Received a gift from Trog
 48468 | Vaults:3 | Found a magical portal.
 48477 | WizLab   | Entered Eringya's Formal Garden
 48996 | WizLab   | Identified the staff of cold "Wanicemn" {rPois rC+ Int+6}
 49180 | WizLab   | Received a gift from Trog
 49187 | WizLab   | Found a blossoming altar of Fedhas.
 50545 | Vaults:3 | Found Erhomat's Armour Emporium.
 50770 | Vaults:3 | Reached XP level 21. HP: 217/224 MP: 20/20
 50988 | Vaults:3 | Received a gift from Trog
 51188 | Vaults:3 | Found a staircase to the Crypt.
 51991 | Vaults:4 | Received a gift from Trog
 52001 | Vaults:4 | Reached skill level 15 in Shields
 53240 | Vaults:5 | Entered Level 5 of the Vaults
 53245 | Vaults:5 | Noticed a dread lich
 53322 | Vaults:4 | Killed a dread lich
 53495 | Vaults:4 | Received a gift from Trog
 54586 | Vaults:4 | Reached XP level 22. HP: 219/233 MP: 21/21
 55237 | Vaults:5 | Identified the +11 halberd of Onaoc {freeze, *Rage rElec
                  | rCorr Int+5}
 55564 | Vaults:5 | HP: 2/233 [frost giant/the +11 halberd of Onaoc {freeze,
                  | *Rage rElec rCorr Int+5} (54)]
 55564 | Vaults:5 | Slain by a frost giant

Illustrated notes

Levels and vault maps discovered:
D:1:      psy_arrival_whirlpool, layout_rooms, serial_rivers,
          chequers_serial_rivers_small_a, chequers_serial_rivers_micro_a,
          chequers_serial_rivers_micro_e, chequers_serial_rivers_small_3
D:2:      layout_loops_ring, basic_altar, dreamdust_ecumenical_altar_statues
D:3:      layout_rooms, mainiacjoe_overflow_brackets, gammafunk_ghost_split,
          serial_rivers, chequers_serial_rivers_room_a,
          chequers_serial_rivers_room_b, chequers_serial_rivers_large_a,
          chequers_serial_rivers_marsh, chequers_serial_rivers_micro_c,
          serial_bayou_ford_a
D:4:      layout_loops_ring, grunt_temple_overflow_gold_and_silver,
          amcnicky_altar_gilded, minmay_temple_entry_wispy, uniq_ijyb
D:5:      layout_gridville, nicolae_overflow_crystal_walls,
          gammafunk_ghost_hive, saegor_snake_ambush
D:6:      layout_loops_cross, nicolae_hepliaklqana_monster_ancestors,
          gammafunk_ghost_split, kennysheep_cross_bottleneck,
          lightli_church_of_beogh
D:7:      layout_basic, mainiacjoe_overflow_24_doors,
          nicolae_ossuary_entry_plus, serial_shops, shop, hangedman_decor_push,
          uniq_crazy_yiuf_cottage, uniq_joseph
D:8:      layout_loops_cross, mainiacjoe_overflow_catwalk,
          dancing_weapons_uskayaw, serial_ice, serial_ice_h, serial_ice_k,
          serial_ice_a, serial_ice_b, serial_ice_c, serial_ice_m,
          grunt_ogre_cave, st_stairs_6, corexii_hall_statues_i,
          minmay_misc_feat_iff, nicolae_figureground_pulse
D:9:      layout_irregular_city, bloody_makhleb,
          nicolae_ru_great_annihilating_truth, grunt_dithmenos_shadows,
          minmay_lair_entry_grove
D:10:     layout_roguey, kennysheep_little_box, uniq_gastronok
D:11:     layout_basic, serial_shops, shop, elves_outpost_lemuel
D:12:     layout_roguey, erik_orc_2, portal_ice_cave_rime, minivault_7,
          uniq_lodul, uniq_jorgrun, uniq_azrael, uniq_psyche
D:13:     layout_grid_maze, lightli_vaults_fourway_checkpoint
Lair:1:   layout_gridlike, nicolae_volcano_entry_vermiform,
          gammafunk_ghost_cemetery, infiniplex_staircase_pool,
          grunt_megastairs_3, serial_bayou_shore_b
Lair:2:   layout_regular_city
Lair:3:   layout_long_grid, palyth_hydra_swamp_entry,
          hellmonk_spider_entry_not_the_bees
Lair:4:   layout_hall_layers, gammafunk_ghost_ooze
Lair:5:   wormcave, layout_cave_pods, hangedman_lair_in_review,
          dpeg_slime_entry_enclosed
Swamp:1:  layout_basic_swamp, evilmike_swamp_ruin_rubble_2, swamp_pool1
Swamp:2:  layout_basic_swamp, serial_swamp_ruin, evilmike_swamp_ruin_house_1,
          evilmike_swamp_ruin_house_5, evilmike_swamp_ruin_rubble_1,
          uniq_mlioglotl, uniq_frances
Swamp:3:  layout_falls_marsh, nicolae_swamp_ascending_descending
Swamp:4:  nzn_swamp_witches_coven, layout_basic_swamp, uniq_kirke
Spider:1: layout_chambers, gammafunk_ghost_necromancy
Spider:2: layout_chambers, hellmonk_motheaten_closet, uniq_nikola
Spider:3: layout_chambers, nicolae_spider_checkerboard, uniq_agnes
Spider:4: grunt_spider_rune_circles, uniq_louise
Orc:1:    layout_caves, serial_shops, shop, nicolae_shop_vocational
Orc:2:    grunt_orc_community_town_hall, layout_caves,
          grunt_orc_community_big_house_1, grunt_orc_community_big_house_1,
          grunt_orc_community_house_1, grunt_orc_community_house_2,
          grunt_orc_community_house_3, grunt_orc_community_house_3,
          grunt_orc_community_house_3, grunt_orc_community_house_3
Elf:1:    nicolae_elf_arrival_fired_up, layout_onion_city,
          minmay_elf_crystal_heptagon, drop_trap
Elf:2:    elven_hall_of_blades_hangedman_alternative
          [nicolae_blade_entry_sentries_behind_glass], layout_gridlike,
          serial_shops, shop, shop, serial_sigils_hangedman_scar
Elf:3:    grunt_elf_hall_asides, layout_loops_cross, serial_glass,
          glass_columns_b, glass_columns_b, glass_columns_c, glass_columns_a
Vaults:1: gammafunk_ghost_grave, vaults_room_grid, hangedman_vaults_variations,
          nicolae_vaults_cochlea, vaults_dpeg_encased_lava, v_misc_27,
          nicolae_vaults_little_squares_1, nicolae_vaults_double_plus_2,
          st_lattice, layout_vaults_omnigrid, serial_shops,
          nicolae_shop_window_shopping
Vaults:2: v_misc_2, nicolae_vaults_disjoint_gnomons, vaults_mumra_minichess,
          vaults_room_octagon, nicolae_vaults_shipping_containers_4,
          grunt_vaults_bifocal, hangedman_vaults_cutoff,
          nicolae_vaults_network_quinsquares
          [nicolae_vaults_network_quincunx_subvault,
          nicolae_vaults_network_quincunx_subvault,
          nicolae_vaults_network_quincunx_subvault,
          nicolae_vaults_network_quincunx_subvault], nicolae_vaults_theta,
          vaults_room_door_hall, nicolae_vaults_diamond_2, vaults_dpeg_hooks,
          nicolae_vaults_two_Ls, nicolae_vaults_tetromino_L_2,
          layout_vaults_big_cross
Vaults:3: infiniplex_enter_wizlab_water, ontoclasm_vaults_echo,
          hangedman_vaults_unwind, ontoclasm_vaults_tryst,
          minmay_crypt_entry_simple_sparse, grunt_vaults_swirl,
          nicolae_vaults_angled_halls, nicolae_vaults_angled_halls,
          nicolae_vaults_closet_pinwheel_4, nicolae_vaults_house_3, v_rooms_4,
          ontoclasm_vaults_shuriken, ontoclasm_vaults_idyll,
          nicolae_vaults_tetromino_Z_1, dpeg_vaults_monster_box,
          nicolae_vaults_diamond_2, ontoclasm_vaults_twist,
          nicolae_vaults_double_plus_1, layout_vaults_maze_snakey, serial_shops,
          shop
Vaults:4: nicolae_vaults_network_square, nicolae_vaults_double_plus_2,
          nicolae_vaults_windows_and_doors_thing, vaults_room_stairs_pillars,
          v_alt_pattern_6, vaults_room_corners, v_misc_8,
          nicolae_vaults_holding_cells, nicolae_vaults_cornered_office,
          vaults_room_fours, layout_vaults_big_room
Vaults:5: serial_shops

Skill      XL: |  1  2  3  4  5  6  7  8  9 10 11 12 13 14 15 16 17 18 19 20 21 |
---------------+----------------------------------------------------------------+-----
Maces & Flails | 4 5 6 7 8 10 12 14 15 17 19 20 | 20.0
Fighting       | 4 5 6 7 8 10 11 13 15 17 19 21 22 24 26 27 | 27.0
Armour         | 3 7 10 13 15 17 18 19 20 22 23 | 23.2
Shields        | 1 3 8 13 17 | 17.9
Dodging        | 5 7 8 9 11 13 14 16 17 18 | 18.9

Action                     |  1- 3 |  4- 6 |  7- 9 | 10-12 | 13-15 | 16-18 | 19-21 | 22-24 || total
---------------------------+-------+-------+-------+-------+-------+-------+-------+-------++-------
  Melee: Mace              |    67 |   104 |   181 |       |       |       |       |       ||   352
         Headbutt          |     9 |    20 |    72 |    85 |   209 |   222 |   440 |    23 ||  1080
         Punch             |     1 |     1 |     5 |       |       |       |       |       ||     7
         Flail             |       |       |   197 |    60 |       |       |       |       ||   257
         Great mace        |       |       |       |   366 |  1050 |  1008 |   161 |       ||  2585
         Morningstar       |       |       |       |       |       |       |  1226 |    77 ||  1303
 Invoke: Berserk           |       |     1 |     2 |       |     3 |     2 |     2 |       ||    10
         Trog's Hand       |       |       |       |     1 |     4 |     3 |     5 |       ||    13
         Brothers in Arms  |       |       |       |     1 |     8 |     8 |     9 |       ||    26
    Use: Scroll            |       |       |    13 |     8 |    16 |     2 |     4 |     2 ||    45
         Potion            |       |       |       |       |     3 |     2 |     3 |     4 ||    12
   Stab: Paralysed         |       |       |       |     1 |       |       |       |       ||     1
         Distracted        |       |       |       |       |     1 |     2 |     1 |       ||     4
         Petrified         |       |       |       |       |       |     3 |       |       ||     3
         Petrifying        |       |       |       |       |       |     2 |       |       ||     2
         Confused          |       |       |       |       |       |     2 |       |       ||     2
 Armour: Ring mail         |     5 |       |       |       |       |       |       |       ||     5
         Plate armour      |    35 |    72 |    52 |    30 |   393 |   510 |   488 |    51 ||  1631
         Chain mail        |       |       |    42 |    64 |       |       |       |       ||   106
  Dodge: Dodged            |    32 |   101 |   174 |   333 |   712 |   640 |   645 |    85 ||  2722
  Block: Other             |       |       |    36 |    64 |   225 |   157 |    25 |       ||   507
         Buckler           |       |       |     3 |    27 |       |       |       |       ||    30
         Reflection        |       |       |     1 |     5 |     5 |     6 |   157 |    20 ||   194
         Tower shield      |       |       |       |       |       |       |  1253 |   165 ||  1418
